 Dungeon Crawl Stone Soup version 0.30-a0-218-gedb9141078 (webtiles) character file.

Game seed: 569615725014721709

873 ryw the Carver (level 8, -6/87 HPs)
             Began as a Human Fighter on Oct 5, 2022.
             Mangled by Menkaure (14 damage)
             ... on level 4 of the Dungeon.
             The game lasted 00:11:24 (3934 turns).

ryw the Carver (Human Fighter)                      Turns: 3934, Time: 00:11:25

Health: -6/87      AC: 24    Str: 16      XL:     8   Next: 24%
Magic:  8/8        EV:  2    Int: 10      God:
Gold:   258        SH:  4    Dex: 12 (14) Spells: 7/7 levels left

rFire   . . .      SeeInvis .    a - +0 long sword
rCold   . . .      Faith    .    c - +0 buckler
rNeg    . . .      Spirit   .    (body armour currently unavailable)
rPois   +          Reflect  .    (helmet currently unavailable)
rElec   .          Harm     .    (cloak currently unavailable)
rCorr   +          Rampage  .    (gloves currently unavailable)
Will    .....      NoTele   +    (boots currently unavailable)
Stlth   +.........               (no amulet)
HPRegen 0.34/turn                g - ring of resist corrosion
MPRegen 0.11/turn                (no ring)

@: tree-form
A: stationary, stasis, torment immunity, boosted hp
a: no special abilities


You were on level 4 of the Dungeon.
You were a tree.
You visited 1 branch of the dungeon, and saw 4 of its levels.
You also visited: Sewer.

You collected 258 gold pieces.

Inventory:

Hand Weapons
 a - a +0 long sword (weapon)
Missiles
 w - 2 boomerangs (quivered)
Armour
 b - a +0 scale mail (melded)
 c - a +0 buckler (worn)
 e - a +2 hat (melded)
 f - a +0 pair of boots (melded)
 m - a +0 pair of gloves (melded)
Jewellery
 g - a ring of resist corrosion (left branch)
 p - a ring of flight
 v - an amulet of magic regeneration
Wands
 k - a wand of polymorph (5)
 t - a wand of acid (3)
Scrolls
 h - a scroll of butterflies
 l - a scroll of immolation {unknown}
 o - 5 scrolls of teleportation {unknown}
 r - a scroll of acquirement {unknown}
 s - a scroll of fear {unknown}
 u - a scroll of blinking {unknown}
 x - a scroll of vulnerability {unknown}
 y - a scroll of identify
Potions
 i - 2 potions of invisibility
 j - 3 potions of attraction
 n - 2 potions of mutation
 q - a potion of degeneration


   Skills:
 - Level 3.3 Fighting
 * Level 8.7 Long Blades
 - Level 3.3 Armour
 - Level 3.3 Shields


You had 7 spell levels left.
You didn't know any spells.
Your spell library contained the following spells:

 Spells                   Type           Power      Damage    Failure   Level
 Ozocubu's Armour         Ice            0%         N/A       83%         3
 Metabolic Englaciation   Hex/Ice        0%         N/A       100%        5
 Simulacrum               Ice/Necr       0%         N/A       100%        6


Dungeon Overview and Level Annotations

Branches:
Dungeon (4/15)              Sewer (visited)
 Temple: D:4-7

Altars:
Cheibriados
Dithmenos
Nemelex Xobeh

Shops:
D:1 *

Annotations:
D:4 Menkaure


Message History

Menkaure mumbles some strange words.
Menkaure seems to speed up.
Menkaure points at you and mumbles some strange words.
Pain shoots through your body!
You barely miss Menkaure. Menkaure hits you! Menkaure casts a spell at you.
Pain shoots through your body!
Unknown command.
You completely miss Menkaure. Menkaure hits you but does no damage.
You hit Menkaure.
Menkaure is lightly damaged.
Menkaure calls on the powers of darkness!
Your body is wracked with pain!
* * * LOW HITPOINT WARNING * * *
The hobgoblin convulses!
Really quaff the potion of lignification?
You turn into a tree.
Your +2 hat melds into your body.
Your +0 pair of gloves melds into your body.
Your +0 pair of boots melds into your body.
Your +0 scale mail melds into your body.
Your roots penetrate the ground.
Menkaure hits you.
* * * LOW HITPOINT WARNING * * *
Unknown command.
Unknown command.
You barely miss Menkaure.
Menkaure is lightly damaged.
You block Menkaure's attack.
You hit Menkaure.
Menkaure is lightly damaged.
Menkaure hits you!
* * * LOW HITPOINT WARNING * * *
You slash Menkaure!
Menkaure is heavily damaged.
Menkaure breathes soot at you. Menkaure barely misses you.
Menkaure hits you but does no damage.
Unknown command.
You hit Menkaure.
Menkaure is heavily damaged.
Menkaure hits you!
You die...

#.#.#....##.#.#........
#.#.#.........#........
#.#.#.#.##.............
#.#.#.#.##.............
#.#.#.#.##...........##
#.#.##.M.........#
#.#.###.####.......
........#####....##
#.#....gM♣.........
#...############# #...
#... #.. #.. #.


You could see Menkaure (fast) and a hobgoblin.

Vanquished Creatures
  Grinder (D:4)
  Sigmund (D:2)
  2 scorpions (D:4)
  3 orc priests (D:4)
  Natasha (thrice) (D:1)
  An orc wizard (D:4)
  Robin (D:2)
  5 adders
  A gnoll (D:1)
  5 river rats (Sewer)
  A worm (D:4)
  5 dart slugs
  11 orcs
  9 ball pythons
  4 endoplasms
  8 giant cockroaches
  14 goblins
  4 hobgoblins
  3 kobolds
  4 quokkas
  4 bats
  12 frilled lizards
  9 rats
111 creatures vanquished.

Vanquished Creatures (others)
  2 plants (D:1)
2 creatures vanquished.

Grand Total: 113 creatures vanquished

Notes
Turn   | Place    | Note
-------+----------+-------------------------------------------
     0 | D:1      | ryw the Human Fighter began the quest for the Orb.
     0 | D:1      | Reached XP level 1. HP: 18/18 MP: 1/1
    80 | D:1      | Reached XP level 2. HP: 24/24 MP: 2/2
   229 | D:1      | Reached XP level 3. HP: 29/29 MP: 3/3
   312 | D:1      | Found Ypiur's Assorted Antiques.
   378 | D:1      | Found a faded altar of an unknown god.
   581 | D:2      | Noticed Natasha
   688 | D:1      | Killed Natasha
   689 | D:1      | Reached skill level 3 in Long Blades
   689 | D:1      | Reached XP level 4. HP: 12/35 MP: 4/4
   855 | D:2      | Noticed Sigmund
   888 | D:1      | Noticed Natasha
   899 | D:1      | Killed Natasha
  1083 | D:1      | Noticed Natasha
  1089 | D:1      | Killed Natasha
  1090 | D:1      | Reached skill level 4 in Long Blades
  1090 | D:1      | Reached XP level 5. HP: 41/41 MP: 5/5
  1142 | D:2      | Killed Sigmund
  1143 | D:2      | Reached skill level 5 in Long Blades
  1143 | D:2      | Reached XP level 6. HP: 39/47 MP: 6/6
  1667 | D:2      | Noticed Robin
  1682 | D:2      | Killed Robin
  1839 | D:3      | Reached skill level 6 in Long Blades
  1851 | D:3      | Found a glowing drain.
  1871 | Sewer    | Entered a sewer
  2321 | Sewer    | Reached XP level 7. HP: 52/52 MP: 7/7
  2506 | D:3      | Found a sparkling altar of Nemelex Xobeh.
  2529 | D:3      | Found a snail-covered altar of Cheibriados.
  3003 | D:4      | Found a shadowy altar of Dithmenos.
  3074 | D:4      | Reached skill level 7 in Long Blades
  3610 | D:4      | Noticed Grinder
  3613 | D:4      | Paralysed by Grinder for 3 turns
  3616 | D:4      | Killed Grinder
  3617 | D:4      | Reached skill level 8 in Long Blades
  3617 | D:4      | Reached XP level 8. HP: 58/58 MP: 8/8
  3912 | D:4      | Noticed Menkaure
  3934 | D:4      | Mangled by Menkaure

Illustrated notes

Levels and vault maps discovered:
D:1:      lightli_molten_gateway, layout_rooms,
          chequers_ecumenical_altar_island, serial_shops, nicolae_shop_trees,
          st_stairs_14, serial_park_tiny_1, nicolae_grassy_gnolls
D:2:      layout_basic, uniq_robin, uniq_natasha, uniq_sigmund
D:3:      layout_basic, mainiacjoe_overflow_large_starburst,
          portal_sewer_entry_a, kennysheep_generic_room_15
D:4:      minmay_clustersquares, layout_basic, marbit_many_paths,
          lightli_temple_of_fire, uniq_grinder, uniq_menkaure, uniq_edmund

Skill      XL: |  1  2  3  4  5  6  7 |
---------------+----------------------+-----
Long Blades    | 3 4 5 6 8 |  8.7
Fighting       | |  3.3
Armour         | |  3.3
Shields        | |  3.3

Action                   |  1- 3 |  4- 6 |  7- 9 || total
-------------------------+-------+-------+-------++-------
Melee: Long sword        |    65 |   148 |   209 ||   422
Throw: Boomerang         |       |       |     8 ||     8
Evoke: Wand              |       |       |     4 ||     4
  Use: Potion            |     1 |     1 |     5 ||     7
       Scroll            |       |       |     6 ||     6
Armor: Scale mail        |    36 |    67 |    96 ||   199
       Skin              |       |       |    16 ||    16
Dodge: Dodged            |    31 |    54 |    63 ||   148
Block: Buckler           |     7 |    33 |    37 ||    77

Table legend: (Time is in decaauts)
 A = Elapsed time spent in this place.
 B = Non-inter-level travel time spent in this place.
 C = Inter-level travel time spent in this place.
 D = Time resting spent in this place.
 E = Time spent auto-exploring this place.
 F = Levels seen in this place.
 G = Mean time per level.
                   A        B        C        D        E       F      G
               +--------+--------+--------+--------+--------+-----+--------+
         Total |   4069 |   3860 |    209 |    982 |   1819 |   5 |  813.8 |
       Dungeon |   3392 |   3183 |    209 |    786 |   1550 |   4 |  848.0 |
         Sewer |    676 |    676 |      0 |    196 |    268 |   1 |  676.0 |
               +--------+--------+--------+--------+--------+-----+--------+

Top non-repeatable levels by time:
     D:1: 1048 daAuts
     D:4: 888 daAuts
     D:2: 832 daAuts
   Sewer: 676 daAuts
     D:3: 623 daAuts
